 Dungeon Crawl Stone Soup version 0.26.1-11-gd32895ea62 (webtiles) character file.

Game seed: 17408672617167755730

170 JuniperTheExplorer the Chopper (level 5, -6/49 HPs)
             Began as a Naga Fighter on May 18, 2021.
             Mangled by a gnoll shaman
             ... wielding a +0 whip
              (7 damage)
             ... on level 3 of the Dungeon.
             The game lasted 00:16:33 (2839 turns).

JuniperTheExplorer the Chopper (Naga Fighter)       Turns: 2839, Time: 00:16:35

Health: -6/49      AC:  5    Str: 20    XL:     5   Next: 51%
Magic:  5/5        EV:  5    Int:  8    God:
Gold:   139        SH:  9    Dex: 10    Spells: 4/4 levels left

rFire    . . .     SeeInvis +   a - +1 war axe
rCold    . . .     Faith    .   c - +0 kite shield
rNeg     . . .     Spirit   .   b - +0 scale mail
rPois    +         Reflect  .   (no helmet)
rElec    .         Harm     .   (no cloak)
rCorr    .         Rampage  .   (no gloves)
Will     .....                  (no barding)
Stlth    ..........             (no amulet)
HPRegen  0.16/turn              (no ring)
MPRegen  0.09/turn              (no ring)

@: about to teleport, glowing, very slow
A: large, see invisible, deformed body, poison resistance, slowness 2, spit
poison 1, AC +1
a: Spit Poison


You were on level 3 of the Dungeon.
You visited 1 branch of the dungeon, and saw 3 of its levels.

You collected 139 gold pieces.

Inventory:

Hand Weapons
 a - a +1 war axe (weapon)
 e - a +4 whip
 f - a +1 vampiric short sword
Armour
 b - a +0 scale mail (worn)
 c - a +0 kite shield (worn)
Scrolls
 h - a scroll of magic mapping {unknown}
 i - a scroll of enchant weapon
Potions
 d - a potion of curing {unknown}


   Skills:
 + Level 3.4 Fighting
 + Level 3.7 Axes
 + Level 3.3 Armour
 + Level 0.1 Dodging
 + Level 3.0 Shields


You had 4 spell levels left.
You didn't know any spells.
Your spell library was empty.

Dungeon Overview and Level Annotations

Branches:
Dungeon (3/15)

Altars:
Elyvilon


Innate Abilities, Weirdness & Mutations

You cannot wear boots.
Your serpentine skin is tough. (AC +1)
You have supernaturally acute eyesight. (SInv)
Armour fits poorly on your strangely shaped body.
Your system is resistant to poisons. (rPois)
You cover ground very slowly.
You can spit poison.


Message History

The gnoll shaman hits you but does no damage.
You block the gnoll's attack.
A gnoll comes into view. It is wielding a +0 spear.
The gnoll shaman calls upon its god to speed up the gnoll.
The gnoll seems to speed up.
The goblin hits you but does no damage.
The gnoll hits you from afar with a cursed -1 spear.
* * * LOW HITPOINT WARNING * * *
The gnoll shaman hits you with a +0 whip!
* * * LOW HITPOINT WARNING * * *
The gnoll hits you.
* * * LOW HITPOINT WARNING * * *
You block the gnoll shaman's attack.
Your shield prevents you from hitting the gnoll shaman.
You slash the gnoll!
You kill the gnoll!
You closely miss the goblin. You closely miss the gnoll shaman.
You hit the gnoll shaman. You block the gnoll shaman's attack.
You block the gnoll's attack.
The gnoll shaman hits you with a +0 whip!
You die...

#############
#....gg#8..8#..
#8@g'g.g.'..
#8g†g...g'..
^..[..g.#....#..
#########....# ....#
....# ....#
########''''##########
........(....[........


You could see 4 gnoll shamans, 4 gnolls and a goblin.

Vanquished Creatures
  An orc wizard (D:3)
  3 gnolls (D:3)
  4 adders
  An ooze (D:1)
  4 worms (D:2)
  A leopard gecko (D:2)
  3 orcs (D:3)
  2 ball pythons (D:1)
  7 bats
  4 giant cockroaches
  3 goblins
  14 hobgoblins
  4 jackals (D:3)
  A quokka (D:3)
  4 frilled lizards
  4 kobolds
  7 rats
67 creatures vanquished.

Notes
Turn   | Place    | Note
-------+----------+-------------------------------------------
     0 | D:1      | JuniperTheExplorer the Naga Fighter began the quest for the
                  | Orb.
     0 | D:1      | Reached XP level 1. HP: 21/21 MP: 1/1
    89 | D:1      | Reached XP level 2. HP: 23/28 MP: 2/2
   347 | D:1      | Reached XP level 3. HP: 19/34 MP: 3/3
   793 | D:2      | Found a white marble altar of Elyvilon.
  1244 | D:2      | Reached XP level 4. HP: 20/42 MP: 4/4
  2490 | D:3      | Reached XP level 5. HP: 47/49 MP: 5/5
  2817 | D:3      | Found a faded altar of an unknown god.
  2838 | D:3      | HP: 2/49 [gnoll shaman/+0 whip (7)]
  2839 | D:3      | Mangled by a gnoll shaman

Illustrated notes

Levels and vault maps discovered:
D:1:      lightli_iron_boxes, layout_rooms
D:2:      layout_basic, elyvilon_altar_1
D:3:      lemuel_castle_with_subvaults [lemuel_castle_interior_carwin_2],
          layout_basic, tso_altar, chequers_ecumenical_altar_island

Skill      XL: |  1  2  3  4 |
---------------+-------------+-----
Shields        | 3 |  3.0
Armour         | 3 |  3.3
Axes           | 3 |  3.7
Fighting       | |  3.4
Dodging        | |  0.1

Action                   |  1- 3 |  4- 6 || total
-------------------------+-------+-------++-------
Melee: War axe           |    81 |    98 ||   179
 Abil: Spit Poison       |     1 |     2 ||     3
  Use: Scroll            |     3 |     3 ||     6
       Potion            |     3 |       ||     3
Armor: Scale mail        |    68 |    46 ||   114
       Skin              |     2 |       ||     2
Dodge: Dodged            |    28 |    19 ||    47
Block: Kite shield       |    68 |    67 ||   135
